 Dungeon Crawl Stone Soup version 0.18-a0-1484-g95ebbe1 (webtiles) character file.

43 Wallaby3 the Firebug (level 3, -1/26 HPs)
             Began as a Centaur Fire Elementalist on Mar 2, 2016.
             Slain by an adder (3 damage)
             ... on level 2 of the Dungeon.
             The game lasted 00:05:02 (1401 turns).

Wallaby3 the Firebug (Centaur Fire Elementalist)    Turns: 1401, Time: 00:05:06

Health: -1/26      AC:  4    Str:  8 (10) XL:     3   Next: 37%
Magic:  0/5        EV:  9    Int: 14 (15) God:
Gold:   47         SH:  0    Dex:  7 (9)  Spells: 1 memorised, 4 levels left

rFire  . . .     SeeInvis .     k - +4 short sword
rCold  . . .     Gourm    .     a - +0 robe
rNeg   . . .     Faith    .     (no shield)
rPois  .         Spirit   .     (no helmet)
rElec  .         Dismiss  .     (no cloak)
rCorr  .         Reflect  .     (no gloves)
SustAt .         Harm     .     (no barding)
MR     .....                    (no amulet)
Stlth  +.........               (no ring)
                                (no ring)

@: lethally poisoned (-1 -> -4), very quick, not resistant to hostile
enchantments, very unstealthy
A: hooves 3, deformed body, speed 2, tough skin 3
a: no special abilities


You were on level 2 of the Dungeon.
You were hungry.

You visited 1 branch of the dungeon, and saw 2 of its levels.

You collected 47 gold pieces.

Inventory:

Hand Weapons
 k - a +4 short sword (weapon)
Missiles
 g - 11 arrows
Armour
 a - a +0 robe (worn)
Jewellery
 e - an uncursed ring of protection from magic {unknown}
Scrolls
 d - 4 scrolls of identify
 h - a scroll of remove curse {unknown}
 j - a scroll of enchant weapon {unknown}
 m - a scroll of recharging {unknown}
Potions
 i - a potion of invisibility {unknown}
 l - a potion of resistance {unknown}
Books
 b - a book of Flames

   Spells                             Type                      Level
   a - Flame Tongue                   Conjuration/Fire             1
   b - Throw Flame                    Conjuration/Fire             2
   c - Conjure Flame                  Conjuration/Fire             3
   d - Inner Flame                    Hexes/Fire                   3
   e - Sticky Flame                   Conjuration/Fire             4
   f - Fireball                       Conjuration/Fire             5
Comestibles
 c - a bread ration


   Skills:
 - Level 1.3 Dodging
 - Level 1.2 Stealth
 - Level 1.5 Spellcasting
 - Level 0.8 Conjurations
 + Level 4.0 Fire Magic


You had 4 spell levels left.
You knew the following spells:

 Your Spells              Type           Power        Failure   Level  Hunger
a - Flame Tongue          Conj/Fire      #....        12%         1    ##.....


Dungeon Overview and Level Annotations

Branches:
Dungeon (2/15)

Altars:


Innate Abilities, Weirdness & Mutations

You have hooves in place of feet.
Armour fits poorly on your strangely shaped body.
You cover ground very quickly.
You have extremely tough skin (AC +3).


Message History

The adder is moderately wounded.
You feel sick. The adder barely misses you.
You closely miss the adder. Your kick misses the adder.
The adder is moderately wounded.
The adder bites you. x2
* * * LOW HITPOINT WARNING * * *
You barely miss the adder. Your kick misses the adder.
The adder is moderately wounded.
The adder barely misses you.
You closely miss the adder.
The adder is moderately wounded.
You feel sick. The adder closely misses you.
Drink which item? (? for menu, Esc to quit)
It was a potion of degeneration.
There was something very wrong with that liquid.
You feel weakened.
You feel dopey.
You feel clumsy. The adder bites you.
* * * LOW HITPOINT WARNING * * *
The adder bites you.
You die...

#.# #.. #.# #.# # #.# #.
#.# #. #.# ############
#.###.###..........####
###......@S.Kw.....K....#
#.....(.###.########(##.#
#.....#####.# #(#
#.......<...# #...[.w....
#.....########..?....##...
# #.........# #......K# ##
#.##.....###.# #.......#
.......<# ........#
###.#...###..###...../.#


You could see an adder, a dart slug and a kobold.

Vanquished Creatures
  2 oozes
  2 dart slugs (D:1)
  2 giant cockroaches (D:1)
  3 goblins (D:1)
  3 hobgoblins (D:1)
  3 jackals (D:1)
  4 kobolds (D:1)
  5 bats
  4 giant newts (D:1)
  4 rats
32 creatures vanquished.

Notes
Turn   | Place    | Note
--------------------------------------------------------------
     0 | D:1      | Wallaby3 the Centaur Fire Elementalist began the quest for the Orb.
     0 | D:1      | Reached XP level 1. HP: 14/14 MP: 3/3
    82 | D:1      | Reached skill level 3 in Fire Magic
   342 | D:1      | Reached XP level 2. HP: 7/20 MP: 0/4
   983 | D:1      | Reached XP level 3. HP: 23/26 MP: 5/5
  1334 | D:2      | Reached skill level 4 in Fire Magic
  1401 | D:2      | Slain by an adder

Vault maps used:
D:1:      sevenhm_arrival_forest_fort_small_3
D:2:      first_bread

Skill      XL: |  1  2  3 |
---------------+----------+-----
Fire Magic     | 3 4 |  4.0
Dodging        | |  1.3
Stealth        | |  1.2
Spellcasting   | |  1.5
Conjurations   | |  0.8

Action                   || total
-------------------------++-------
Melee: Dagger            ||    40
       Short sword       ||    35
 Cast: Flame Tongue      ||    29
  Use: Scroll            ||     1
       Potion            ||     1
  Eat: Chunk             ||     1
